 Dungeon Crawl Stone Soup version 0.20-a0-537-g052e6ba (webtiles) character file.

170116 polly the Executioner (level 17, -8/168 HPs)
             Began as a Minotaur Berserker on Jan 28, 2017.
             Was the Champion of Trog.
             Killed from afar by a deep elf annihilator (56 damage)
             ... with a crystal spear
             ... on level 3 of the Elven Halls.
             The game lasted 01:22:15 (24380 turns).

polly the Executioner (Minotaur Berserker)         Turns: 24380, Time: 01:22:16

Health: -8/168     AC: 40    Str: 27    XL:     17   Next: 36%
Magic:  25/25      EV: 14    Int: 10    God:    Trog [******]
Gold:   468        SH: 14    Dex: 10    Spells: 16/16 levels left

rFire    + . .     SeeInvis +   Q - +8 war axe "Foniur" {flame, MP+9 Int+8}
rCold    + . .     Gourm    .   N - +13 plate armour of the Cuttlefish {SInv}
rNeg     . . .     Faith    .   J - +2 shield of Resistance {rF+ rC+ MR+}
rPois    .         Spirit   .   y - +2 hat
rElec    .         Reflect  .   X - +1 cloak
rCorr    .         Harm     .   U - +2 pair of gloves
MR       ++...                  T - +0 pair of boots
Stlth    ..........             H - amulet of regeneration
Regen    0.8/turn               a - +3 ring of slaying
                                O - +4 ring of evasion

@: drained
A: retaliatory headbutt, horns 2, dopey 1, weak 1
a: Berserk, Trog's Hand, Brothers in Arms, Burn Spellbooks, Renounce Religion


You were on level 3 of the Elven Halls.
You worshipped Trog.
Trog was exalted by your worship.
You were hungry.

You visited 4 branches of the dungeon, and saw 26 of its levels.
You visited the Abyss 2 times.
You also visited: Labyrinth, Sewer and Ossuary.

You collected 2345 gold pieces.
You spent 1877 gold pieces at shops.

Inventory:

Hand Weapons
 Q - the +8 war axe "Foniur" (weapon) {flame, MP+9 Int+8}
   (You found it on level 2 of the Elven Halls)

   It has been specially enchanted to burn those struck by it, causing extra
   injury to most foes and up to half again as much damage against particularly
   susceptible opponents.
   Big, fiery blades are also staple armaments of hydra-hunters.
   It affects your intelligence (+8).
   It affects your magic capacity (+9).
Missiles
 F - 23 javelins (quivered)
Armour
 y - a +2 hat (worn)
 J - the +2 shield of Resistance (worn) {rF+ rC+ MR+}
   (You bought it in a shop on level 2 of the Elven Halls)

   It protects you from fire.
   It protects you from cold.
   It affects your resistance to hostile enchantments.
 N - the +13 plate armour of the Cuttlefish (worn) {SInv}
   (You bought it in a shop on level 10 of the Dungeon)

   It lets you see invisible.
 T - a +0 pair of boots (worn)
 U - a +2 pair of gloves (worn)
 W - a +1 cloak
 X - a +1 cloak (worn)
Jewellery
 a - a +3 ring of slaying (right hand)
 d - an uncursed ring of protection from fire
 v - an uncursed ring of flight
 G - an uncursed ring of protection from fire
 H - an amulet of regeneration (around neck)
 I - an uncursed ring of protection from magic
 O - a +4 ring of evasion (left hand)
 Y - an uncursed ring of magical power {unknown}
Wands
 s - a wand of digging (11/24)
 x - a wand of random effects (23/48)
 P - a wand of iceblast (5/15)
Scrolls
 b - 6 scrolls of enchant weapon
 e - 5 scrolls of fog {unknown}
 i - 5 scrolls of blinking
 j - 5 scrolls of enchant armour {unknown}
 l - 6 scrolls of remove curse
 m - 3 scrolls of immolation {unknown}
 n - 9 scrolls of teleportation
 p - 5 scrolls of fear {unknown}
 q - 13 scrolls of amnesia {unknown}
 r - 5 scrolls of vulnerability {unknown}
 w - 3 scrolls of recharging {unknown}
 B - 3 scrolls of magic mapping {unknown}
 C - 5 scrolls of random uselessness {unknown}
 R - a scroll of acquirement {unknown}
 S - 2 scrolls of identify
Potions
 g - 2 potions of flight
 k - a potion of cancellation
 o - 6 potions of brilliance
 t - 4 potions of invisibility
 z - 4 potions of might
 A - 3 potions of beneficial mutation
 D - 5 potions of haste
 K - 5 potions of curing
 L - a potion of ambrosia
 M - a potion of cure mutation
 Z - a potion of agility
Miscellaneous
 V - a lamp of fire
Comestibles
 c - 16 bread rations
 f - 20 fruits
 u - 10 meat rations
 E - 12 royal jellies


   Skills:
 + Level 19.0(18.9) Fighting
 + Level 22.5(22.3) Axes
 + Level 16.8(16.6) Armour
 + Level 8.0(7.9) Dodging
 - Level 1.0(0.9) Stealth
 - Level 9.0(8.9) Shields


You had 16 spell levels left.
You didn't know any spells.

Dungeon Overview and Level Annotations

Branches:
Dungeon (15/15)            Temple (0/1) D:5            Lair (6/6) D:10
 Shoals (0/4) Lair:2       Spider (0/4) Lair:3        Slime (0/5) Lair:5
    Orc (2/2) D:11            Elf (3/3) Orc:2        Vaults (0/5) D:14
 Depths (0/5) D:15

Altars:
Dithmenos
Fedhas
Qazlal
Ru
Uskayaw
Zin
The Shining One
Beogh

Shops:
D:10 [   Orc:2 }%=}   Elf:2 ?([(

Portals:
Trove: D:13 (give 6 scrolls of blinking)


Innate Abilities, Weirdness & Mutations

You reflexively headbutt those who attack you in melee.
You have a pair of horns on your head.
You are dopey. (Int -2)
You are weak. (Str -2)


Message History

* * * LOW HITPOINT WARNING * * *
You feel much better.
The deep elf annihilator hits you with a long sword.
You hit the deep elf annihilator. You burn the deep elf annihilator.
You headbutt the deep elf annihilator!
The deep elf annihilator is moderately wounded.
You closely miss the deep elf annihilator.
You headbutt the deep elf annihilator.
The deep elf annihilator is moderately wounded.
You completely miss the deep elf annihilator.
Your headbutt misses the deep elf annihilator.
The deep elf annihilator is moderately wounded.
The deep elf annihilator points at you and mumbles some strange words.
The crystal spear hits you!
* * * LOW HITPOINT WARNING * * *
You slice the deep elf annihilator!! You burn the deep elf annihilator.
The deep elf annihilator is almost dead.
The deep elf annihilator points at you and mumbles some strange words.
The crystal spear hits you!
You die...

......[....#.# #.#
...........#+###.#
.....)........##.#
...............#.#
.......).......#.#
...............#.#
...............#.#
...............#.# #
...#...........#@####.##
...+...........+e).....+
## #################..##
..# ..# e.# $.# e.# ..#


You could see a deep elf annihilator.

Vanquished Creatures
  The ghost of SevenDeadlySins the Executioner, an adept MiBe of Trog (Elf:3)
  A lich (Abyss:2)
  A deep elf blademaster (Elf:2)
  Gastronok (D:11)
  An orc warlord (Orc:2)
  A deep elf sorcerer (Elf:2)
  A ghoul (D:15)
  4 deep elf annihilators
  6 dire elephants (Lair:6)
  A deep elf death mage (Elf:1)
  A minotaur (Lab)
  Josephine (Lair:6)
  An ogre mage (D:11)
  Fannar (Lair:2)
  8 vault guards
  5 hydras
  3 centaur warriors
  The ghost of Aak the Frost Mage, a journeyman DgIE (Lair:2)
  An anaconda (Lair:6)
  A two-headed ogre (D:11)
  2 tengu warriors (D:15)
  28 dancing weapons
  3 hell hogs (Abyss:2)
  Urug (Lair:3)
  3 thrashing horrors (Abyss:2)
  7 orc high priests (Orc:2)
  A storm dragon zombie (Abyss:2)
  17 deep elf knights
  Nergalle (Lair:2)
  A skeletal warrior (D:14)
  3 unseen horrors
  5 wolf spider zombies (D:15)
  An orange crystal statue (Elf:3)
  A lindwurm (Lair:6)
  8 deep elf archers
  2 orc knights (Orc:2)
  A necromancer (D:15)
  An orc sorcerer (D:15)
  18 ugly things
  2 cyclopes (D:15)
  57 deep elf magi
  3 oklob plants (Lair:5)
  2 manticores
  4 elephants (Lair:6)
  6 black mambas
  A smoke demon (Abyss:2)
  2 large abominations (Abyss:2)
  4 spiny frogs
  2 spiny frogs (shapeshifter)
  A naga mage (D:15)
  An apocalypse crab (Abyss:2)
  A kobold demonologist (D:14)
  2 komodo dragons
  An efreet (D:13)
  A guardian mummy (D:15)
  A jumping spider (shapeshifter) (D:8)
  A polar bear (Lair:6)
  6 trolls
  2 hornets
  A raiju (Abyss:2)
  13 blink frogs
  6 dream sheep (Lair:5)
  6 hippogriffs
  6 air elementals
  6 starcursed masses (Abyss:2)
  3 redbacks (Lair:3)
  71 yaks
  A shadow (D:13)
  4 wraiths (Lair:6)
  A water elemental (Elf:1)
  The ghost of blobert the Skirmisher, an amateur MiFi (Sewer)
  3 wyverns
  A hog (shapeshifter) (Abyss:2)
  5 basilisks
  A fire elemental (Elf:1)
  A neqoxec (Abyss:2)
  5 hungry ghosts
  7 vampire mosquitoes
  8 wargs (Orc:2)
  An acid dragon (D:14)
  8 porcupines
  13 water moccasins
  2 ice beasts
  19 orc warriors
  2 sky beasts
  6 necrophages
  5 phantoms
  3 black bears
  12 ogres
  27 wolves
  23 centaurs
  7 crocodiles
  An elf zombie (Ossuary)
  A big kobold (D:7)
  3 earth elementals
  15 bullfrogs
  A small abomination (Abyss:2)
  A water moccasin zombie (D:5)
  A wyvern zombie (D:7)
  4 scorpions
  4 killer bees (D:13)
  21 wights
  2 spriggan skeletons (D:12)
  3 electric eels (Lair:3)
  6 howler monkeys
  5 crimson imps
  A quasit (D:8)
  6 centaur zombies
  A bullfrog skeleton (D:7)
  4 hounds
  10 orc wizards
  5 jellies
  11 centaur skeletons
  3 human zombies (Ossuary)
  30 orc priests
  8 worker ants
  10 iguanas
  5 mummies
  A worker ant zombie (D:5)
  4 gnolls (D:7)
  21 adders
  A river rat (D:4)
  4 shadow imps
  6 oozes
  An adder zombie (Ossuary)
  2 worms
  3 dart slugs
  6 leopard geckos
  83 orcs
  7 giant cockroaches
  6 goblins
  10 hobgoblins
  9 jackals
  A kobold (D:3)
  6 quokkas
  8 ball pythons
  A ball python zombie (D:5)
  12 bats
  5 frilled lizards
  A goblin zombie (Ossuary)
  10 hobgoblin zombies (Ossuary)
  A jackal skeleton (D:4)
  A jackal zombie (D:8)
  8 kobold zombies (Ossuary)
  A leopard gecko skeleton (D:4)
  8 orc zombies (Ossuary)
  A quokka skeleton (D:9)
  8 rats
  3 rat zombies (Ossuary)
  4 bushes (Lair:6)
  4 fungi
  9 plants
941 creatures vanquished.

Vanquished Creatures (others)
  A deep elf knight (Elf:2)
  A vampire (D:13)
  A water elemental (Elf:1)
  A mummy (D:15)
  3 bushes (Lair:6)
  2 fungi
  13 plants
22 creatures vanquished.

Grand Total: 963 creatures vanquished

Notes
Turn   | Place    | Note
-------+----------+-------------------------------------------
     0 | D:1      | polly the Minotaur Berserker began the quest for the Orb.
     0 | D:1      | Reached XP level 1. HP: 19/19 MP: 0/0
    69 | D:1      | Reached XP level 2. HP: 23/27 MP: 1/1
   113 | D:1      | Reached skill level 4 in Axes
   275 | D:1      | Reached ** piety under Trog
   275 | D:1      | Reached XP level 3. HP: 28/33 MP: 2/2
   576 | D:2      | Reached skill level 1 in Shields
  1234 | D:3      | Reached XP level 4. HP: 21/40 MP: 3/3
  1638 | D:3      | Reached skill level 5 in Axes
  1701 | D:3      | Found a glowing silver altar of Zin.
  1807 | D:3      | Reached *** piety under Trog
  1831 | D:3      | Reached XP level 5. HP: 33/47 MP: 4/4
  1946 | D:3      | Found a glowing golden altar of the Shining One.
  1946 | D:3      | Found a stormy altar of Qazlal.
  2307 | D:4      | Reached skill level 1 in Stealth
  2361 | D:4      | Found a sand-covered staircase.
  2366 | Ossuary  | Entered an ossuary
  2477 | Ossuary  | Reached skill level 6 in Axes
  2481 | Ossuary  | Reached XP level 6. HP: 48/53 MP: 5/5
  2487 | Ossuary  | Reached **** piety under Trog
  2751 | D:4      | Reached skill level 7 in Axes
  2758 | D:4      | Reached skill level 5 in Fighting
  2758 | D:4      | Reached XP level 7. HP: 61/61 MP: 6/6
  3010 | D:4      | Found a glowing drain.
  3015 | Sewer    | Entered a sewer
  3067 | Sewer    | Noticed blobert's ghost (amateur MiFi)
  3091 | Sewer    | Killed blobert's ghost
  3091 | Sewer    | Reached skill level 8 in Axes
  3418 | Sewer    | Reached ***** piety under Trog
  3422 | Sewer    | Got a distressingly furry scale mail
  3446 | D:4      | Identified the +2 scale mail of Seoba {Dex+2} (You found it in a sewer)
  3592 | D:5      | Entered Level 5 of the Dungeon
  3722 | D:5      | Found a staircase to the Ecumenical Temple.
  3728 | D:5      | Reached XP level 8. HP: 69/69 MP: 7/7
  4304 | D:6      | Reached skill level 9 in Axes
  4485 | D:6      | Found a hide-covered altar of Uskayaw.
  4542 | D:7      | Reached skill level 5 in Armour
  4575 | D:7      | Received a gift from Trog
  4578 | D:7      | Got a crude hand crossbow {god gift}
  4579 | D:7      | Identified the +1 hand crossbow of Dismemberment {velocity, rN+} (Trog gifted it to you on level 7 of the Dungeon)
  4691 | D:7      | Noticed a hippogriff
  4702 | D:7      | Killed a hippogriff
  4702 | D:7      | Reached skill level 5 in Shields
  5014 | D:7      | Reached skill level 5 in Dodging
  5014 | D:7      | Reached XP level 9. HP: 50/75 MP: 8/8
  5022 | D:7      | Reached skill level 10 in Axes
  5268 | D:7      | You fall through a shaft for 2 floors!
  5480 | D:9      | Noticed a troll
  5483 | D:9      | Killed a troll
  5834 | D:8      | Reached skill level 11 in Axes
  5920 | D:8      | Found a blossoming altar of Fedhas.
  6001 | D:8      | Reached XP level 10. HP: 50/86 MP: 9/9
  6183 | D:8      | Reached skill level 12 in Axes
  6552 | D:9      | Received a gift from Trog
  6703 | D:10     | Entered Level 10 of the Dungeon
  6784 | D:10     | Found a shadowy altar of Dithmenos.
  6917 | D:10     | Reached skill level 13 in Axes
  7031 | D:10     | Reached XP level 11. HP: 90/97 MP: 10/10
  7191 | D:10     | Found Yqiun's Antique Armour Shop.
  7496 | D:10     | Found a staircase to the Lair.
  7526 | D:11     | Noticed Gastronok
  7541 | D:11     | Killed Gastronok
  7541 | D:11     | Reached skill level 14 in Axes
  7760 | D:11     | Noticed an ogre mage
  7769 | D:11     | Killed an unseen horror
  7771 | D:11     | Killed an ogre mage
  7771 | D:11     | Reached skill level 10 in Fighting
  7771 | D:11     | Reached skill level 10 in Armour
  7777 | D:11     | Reached ****** piety under Trog
  7801 | D:11     | Found a blossoming altar of Fedhas.
  7899 | D:11     | Received a gift from Trog
  7903 | D:11     | Found a staircase to the Orcish Mines.
  8100 | D:11     | Noticed a red ugly thing
  8319 | D:11     | Noticed a two-headed ogre
  8327 | D:11     | Killed a two-headed ogre
  8583 | D:12     | Reached skill level 15 in Axes
  8769 | D:12     | Killed an unseen horror
  8882 | D:12     | Reached XP level 12. HP: 108/108 MP: 11/11
  9697 | D:13     | Found a portal to a secret trove of treasure.
  9800 | D:13     | Noticed a centaur warrior
  9817 | D:13     | Received a gift from Trog
  9826 | D:13     | Killed a centaur warrior
  9841 | D:13     | Got a twisted broad axe {god gift}
  9953 | D:13     | Identified the +0 broad axe "Caema" {flame, rN+} (Trog gifted it to you on level 13 of the Dungeon)
 10062 | D:13     | Reached skill level 16 in Axes
 10274 | D:14     | Noticed a vault guard
 10277 | D:14     | Noticed a vault guard
 10289 | D:14     | Killed a vault guard
 10304 | D:14     | Killed a vault guard
 10392 | D:14     | Found a gate to the Vaults.
 10469 | D:14     | Noticed a vault guard
 10512 | D:14     | Noticed a vault guard
 10524 | D:13     | Killed a vault guard
 10532 | D:13     | Killed a vault guard
 10889 | D:14     | Noticed a vault guard
 10903 | D:14     | Killed a vault guard
 10903 | D:14     | Reached XP level 13. HP: 107/118 MP: 12/12
 10971 | D:14     | Reached skill level 17 in Axes
 11066 | D:14     | Received a gift from Trog
 11069 | D:14     | Got an ichor-stained battleaxe {god gift}
 11265 | D:14     | Found a sacrificial altar of Ru.
 11540 | D:15     | Entered Level 15 of the Dungeon
 11705 | D:15     | Reached skill level 18 in Axes
 11869 | D:15     | Noticed a ghoul
 11888 | D:15     | Killed a ghoul
 12212 | D:15     | Reached XP level 14. HP: 121/129 MP: 13/13
 12501 | D:15     | Received a gift from Trog
 12510 | D:15     | Found a staircase to the Depths.
 12774 | Lair:1   | Entered Level 1 of the Lair of Beasts
 12801 | D:10     | Identified the +4 battleaxe of Eternity {freeze, *Contam rElec Int+7} (Trog gifted it to you on level 14 of the Dungeon)
 13847 | Lair:2   | Noticed Aak's ghost (journeyman DgIE)
 13852 | Lair:2   | Noticed Fannar
 13854 | Lair:2   | Killed Aak's ghost
 13866 | Lair:2   | Killed Fannar
 13950 | Lair:2   | Noticed Nergalle
 13959 | Lair:2   | Killed Nergalle
 13986 | Lair:2   | Found a staircase to the Shoals.
 14031 | Lair:2   | Received a gift from Trog
 14553 | Lair:3   | Found a hole to the Spider Nest.
 14567 | Lair:3   | Noticed Urug
 14586 | Lair:3   | Killed Urug
 14586 | Lair:3   | Reached skill level 19 in Axes
 14899 | Lair:3   | Found a labyrinth entrance.
 14940 | Lab      | Entered a labyrinth
 16572 | Lair:5   | Received a gift from Trog
 16762 | Lair:5   | Found a staircase to the Slime Pits.
 16944 | Lair:5   | Got a crystal great sword
 16963 | Lair:5   | Identified the +10 great sword of Hard Scrabble {pain, +Fly MR+ Str-4} (You found it on level 5 of the Lair of Beasts)
 16998 | Lair:5   | Gained mutation: You are weak. (Str -2) [mutagenic glow]
 17379 | Lair:6   | Entered Level 6 of the Lair of Beasts
 17400 | Lair:6   | Reached skill level 20 in Axes
 17402 | Lair:6   | Reached XP level 15. HP: 127/138 MP: 14/14
 17410 | Lair:6   | Reached skill level 15 in Fighting
 17642 | Lair:6   | Noticed Josephine
 17652 | Lair:6   | Killed Josephine
 18631 | Lair:6   | Received a gift from Trog
 19283 | D:10     | Bought a runed cloak for 304 gold pieces
 19283 | D:10     | Bought a translucent plate armour for 812 gold pieces
 19308 | D:10     | Identified the +13 plate armour of the Cuttlefish {SInv} (You bought it in a shop on level 10 of the Dungeon)
 19362 | Orc:1    | Entered Level 1 of the Orcish Mines
 19494 | Orc:1    | Found a roughly hewn altar of Beogh.
 19654 | Orc:2    | Entered Level 2 of the Orcish Mines
 19824 | Orc:2    | Found a staircase to the Elven Halls.
 19994 | Orc:2    | Found Eqaa's Food Shoppe.
 20048 | Orc:2    | Found Cuxilout's Gadget Shop.
 20054 | Orc:2    | Received a gift from Trog
 20097 | Orc:2    | Noticed an orc warlord
 20130 | Orc:2    | Killed an orc warlord
 20311 | Orc:2    | Found a roughly hewn altar of Beogh.
 20334 | Orc:2    | Found Egre's Gadget Shoppe.
 20334 | Orc:2    | Found Bonis's Jewellery Shop.
 20663 | Elf:1    | Entered Level 1 of the Elven Halls
 21121 | Elf:1    | Reached skill level 21 in Axes
 21342 | Elf:1    | Received a gift from Trog
 21347 | Elf:1    | Got an ancient broad axe {god gift}
 21408 | Elf:1    | Identified the +7 broad axe of Nerghijai {drain, Dex+7} (Trog gifted it to you on level 1 of the Elven Halls)
 21413 | Elf:1    | Gained mutation: You are dopey. (Int -2) [mutagenic glow]
 21494 | Elf:1    | Reached skill level 15 in Armour
 21524 | Elf:1    | Reached XP level 16. HP: 47/153 MP: 15/15
 21762 | Elf:2    | Found Toiniste's Armour Emporium.
 21768 | Elf:2    | Cast into level 3 of the Abyss (a deep elf sorcerer)
 21810 | Elf:2    | Escaped the Abyss
 21817 | Elf:2    | Found Wequ's Antique Weapon Emporium.
 21859 | Elf:2    | Bought the +2 shield of Resistance {rF+ rC+ MR+} for 657 gold pieces
 21955 | Elf:2    | Found a runed gate.
 21956 | Elf:2    | Got a warped war axe
 21970 | Elf:2    | Identified the +8 war axe "Foniur" {flame, MP+9 Int+8} (You found it on level 2 of the Elven Halls)
 22033 | Elf:2    | Found a runed gate.
 22035 | Elf:2    | Found a runed gate.
 22130 | Elf:2    | Found Guhaipt's Antique Weapon Emporium.
 22211 | Elf:2    | Found Guneok's Magic Scroll Shop.
 22230 | Elf:2    | Received a gift from Trog
 22274 | Elf:2    | Bought a scroll of identify for 22 gold pieces
 22274 | Elf:2    | Bought a scroll of blinking for 82 gold pieces
 22449 | Elf:2    | Reached skill level 22 in Axes
 22478 | Elf:2    | Noticed a deep elf blademaster
 22497 | Elf:2    | Killed a deep elf blademaster
 22512 | Elf:2    | Received a gift from Trog
 22717 | Elf:3    | Entered Level 3 of the Elven Halls
 22756 | Elf:3    | Noticed SevenDeadlySins's ghost (adept MiBe)
 23294 | Elf:3    | Reached XP level 17. HP: 106/165 MP: 16/16
 23441 | Elf:3    | Killed SevenDeadlySins's ghost
 23710 | Elf:3    | Cast into level 2 of the Abyss (glaive of distortion)
 23710 | Abyss:2  | Found a corrupted altar of Lugonu.
 23804 | Abyss:2  | Paralysed by accursed screaming for 1 turns
 23861 | Abyss:2  | Noticed a lich
 23869 | Abyss:2  | Killed a lich
 23869 | Abyss:2  | Received a gift from Trog
 23985 | Abyss:2  | Paralysed by accursed screaming for 1 turns
 24317 | Elf:3    | Escaped the Abyss
 24380 | Elf:3    | Killed from afar by a deep elf annihilator

Vault maps used:
D:1:      dpeg_arrival_shelter, serial_forest, infiniplex_forest_end_3,
          infiniplex_forest_clump_double, infiniplex_forest_side_room,
          infiniplex_forest_clump_C, infiniplex_forest_straight_2,
          infiniplex_forest_3_way, infiniplex_forest_corner_1,
          minmay_tetromino_t4
D:3:      zin_statuary, chequers_temple_overflow_statue_of_worship
D:4:      gup_sewer_entry_bowl, enter_ossuary_5
D:5:      minmay_temple_entry_mist, first_bread
D:6:      nicolae_overflow_hidden_temple, kennysheep_decorative_pillar
D:8:      old_standard_altar
D:9:      grunt_ogre_cave
D:10:     grunt_lair_entry_orc_guard_hut, serial_shops, shop,
          hangedman_decor_diamond_cutter, nicolae_dithmenos_shadow_blocks
D:11:     orc_0_dummy, minmay_door_square, st_stairs_3, fedhas_altar_3,
          uniq_gastronok
D:12:     hangedman_tell_no_tales
D:13:     nicolae_trove_entry_free_sample
D:14:     erik_vaults_2, nicolae_ru_sacrificial_ziggurat
D:15:     grunt_enter_depths_magical_seal, serial_undead, serial_undead_c,
          serial_undead_d, serial_undead_d, serial_undead_a,
          roderic_serpentine_path
Lair:1:   grunt_forest_large_clearings
Lair:2:   shoals_dummy_entry, roderic_carrion_pond, uniq_nergalle, uniq_fannar
Lair:3:   spider_nest_entry_webs, lab_entry_generic, serial_bayou,
          serial_bayou_crossing, serial_bayou_pond_e, serial_bayou_lagoon_b,
          serial_bayou_pond_e, uniq_urug
Lair:5:   nicolae_slime_entry_slimehenge, minmay_lair_oklob_chamber
Lair:6:   due_jungle_book, serial_bayou_pond_c, minmay_hedge_maze,
          grunt_megastairs_4, uniq_josephine
Orc:1:    basic_altar, mines_bat_river
Orc:2:    st_orc_town
Elf:1:    eino_elf_arrival_sip, minivault_28, hangedman_elf_simple_split
Elf:2:    serial_shops, nicolae_shop_behind_doors, nicolae_shop_statue_plus,
          shop, shop
Elf:3:    minmay_elf_hall_spiked, minivault_16, minivault_28, uniq_asterion
Abyss:3:  grunt_abyss_rune_forest_and_sorcery
Lab:      nicolae_lab_t_cross, nicolae_lab_hexagon, labyrinth_glass_1,
          nicolae_lab_blocks
Sewer:    sewer_frog_island_01
Ossuary:  ossuary_tomb_1

Skill      XL: |  1  2  3  4  5  6  7  8  9 10 11 12 13 14 15 16 17 |
---------------+----------------------------------------------------+-----
Fighting       | 4 5 6 7 9 10 12 13 14 16 18 19 | 19.0
Axes           | 4 5 6 7 8 9 11 13 15 16 18 20 21 22 | 22.5
Shields        | 1 2 3 5 6 9 |  9.0
Dodging        | 3 4 5 6 7 8 |  8.0
Stealth        | 1 |  1.0
Armour         | 3 4 6 8 9 10 12 13 14 15 16 | 16.8

Action                   |  1- 3 |  4- 6 |  7- 9 | 10-12 | 13-15 | 16-18 || total
-------------------------+-------+-------+-------+-------+-------+-------++-------
Melee: Hand axe          |   101 |   150 |   282 |       |       |       ||   533
       Headbutt          |    17 |    31 |    72 |   126 |   246 |   110 ||   602
       Battleaxe         |       |       |    47 |    70 |   762 |       ||   879
       War axe           |       |       |       |   358 |       |   474 ||   832
       Broad axe         |       |       |       |   151 |   331 |    56 ||   538
Throw: Javelin           |       |       |       |       |     1 |    13 ||    14
Invok: Burn Spellbooks   |       |     1 |       |     3 |     4 |       ||     8
       Berserk           |       |       |       |     3 |     3 |     1 ||     7
 Abil: Evoke Flight      |       |       |     1 |       |       |       ||     1
Evoke: Wand              |       |       |       |       |     6 |     1 ||     7
  Use: Scroll            |       |     2 |       |    11 |     7 |     2 ||    22
       Potion            |       |       |       |     2 |       |     5 ||     7
 Stab: Sleeping          |     1 |     3 |       |       |       |       ||     4
       Distracted        |       |       |       |       |     1 |       ||     1
  Eat: Chunk             |       |     4 |    12 |    21 |    32 |     7 ||    76
       Royal jelly       |       |     1 |       |     1 |       |     1 ||     3
       Fruit             |       |       |       |     1 |     6 |     2 ||     9
Armor: Animal skin       |    17 |     5 |       |       |       |       ||    22
       Ring mail         |       |    18 |       |       |       |       ||    18
       Scale mail        |       |     3 |    64 |    50 |       |       ||   117
       Chain mail        |       |       |    13 |       |       |       ||    13
       Plate armour      |       |       |       |   274 |   591 |   224 ||  1089
Dodge: Dodged            |    36 |    54 |   119 |   224 |   514 |   136 ||  1083
Block: Shield            |    53 |    63 |   141 |       |       |   261 ||   518
       Large shield      |       |       |       |    27 |   315 |    26 ||   368
